 Dungeon Crawl Stone Soup version 0.25.1-2-g60ff931df9 (webtiles) character file.

Game seed: 11539330179967221986

411 Almogavar the Slinger (level 7, -6/45 HPs)
             Began as a Halfling Hunter on Sept 5, 2020.
             Shot with an arrow by a centaur (8 damage)
             ... on level 5 of the Dungeon.
             The game lasted 00:14:07 (4319 turns).

Almogavar the Slinger (Halfling Hunter)             Turns: 4319, Time: 00:14:08

Health: -6/45      AC:  5    Str: 13    XL:     7   Next: 14%
Magic:  7/7        EV: 15    Int:  9    God:
Gold:   184        SH:  0    Dex: 17    Spells: 6/6 levels left

rFire    . . .     SeeInvis +   b - +0 short sword
rCold    . . .     Gourm    .   (shield restricted)
rNeg     . . .     Faith    .   c - +0 leather armour
rPois    +         Spirit   .   u - +0 helmet
rElec    .         Reflect  .   (no cloak)
rCorr    .         Harm     .   h - +0 pair of gloves
MR       .....                  (no boots)
Stlth    ++........             (no amulet)
HPRegen  0.15/turn              n - ring of see invisible
MPRegen  0.10/turn              o - ring of poison resistance

@: no status effects
A: small, mutation resistance 1
a: no special abilities


You were on level 5 of the Dungeon.
You were very hungry.

You visited 1 branch of the dungeon, and saw 5 of its levels.

You collected 184 gold pieces.

Inventory:

Hand Weapons
 a - a +1 hunting sling
 b - a +0 short sword (weapon)
Missiles
 d - 16 sling bullets
 k - 63 stones (quivered)
Armour
 c - a +0 leather armour (worn)
 h - a +0 pair of gloves (worn)
 i - a +0 ring mail
 u - a +0 helmet (worn)
Jewellery
 n - a ring of see invisible (left hand)
 o - a ring of poison resistance (right hand)
 w - an uncursed ring of fire
Wands
 q - a wand of paralysis (5)
Scrolls
 g - a scroll of amnesia
 j - 2 scrolls of remove curse
 l - a scroll of magic mapping
 m - a scroll of enchant weapon
 s - 2 scrolls of enchant armour {unknown}
 y - a scroll of teleportation
Potions
 e - a potion of resistance
 p - a potion of magic {unknown}
 r - a potion of curing {unknown}
 t - 2 potions of cancellation {unknown}
 v - 2 potions of brilliance {unknown}
 x - a potion of haste {unknown}
Comestibles
 f - 7 rations


   Skills:
 + Level 2.7 Fighting
 * Level 3.4 Short Blades
 + Level 8.9 Slings
 + Level 2.4 Armour
 + Level 2.8 Dodging
 + Level 1.4 Stealth


You had 6 spell levels left.
You didn't know any spells.
Your spell library contained the following spells:

 Spells                   Type           Power        Failure   Level  Hunger
 Sting                    Tmut/Pois      #...         45%         1    ##.....
 Poisonous Vapours        Pois/Air       #.....       61%         2    ###....
 Ignite Poison            Fire/Tmut/Pois #.......     83%         3    ####...
 Mephitic Cloud           Conj/Pois/Air  #.......     83%         3    ####...
 Olgreb's Toxic Radiance  Pois           #.......     99%         4    #####..


Dungeon Overview and Level Annotations

Branches:
Dungeon (5/15)
 Temple: D:4-7

Altars:
Vehumet
Wu Jian

Annotations:
D:4 Blork the orc


Innate Abilities, Weirdness & Mutations

You are small and have problems with some larger weapons.
You are somewhat resistant to further mutation.


Message History

The centaur wields a +0 shortbow.
The centaur shoots an arrow.
The arrow barely misses you.
You see here an arrow.
There is a stone staircase leading down here.
The ice beast completely misses you. The ice beast closely misses you.
The centaur shoots an arrow.
The arrow misses you.
You see here an arrow.
The centaur shoots an arrow.
The arrow hits you!
You see here an arrow.
The centaur shoots an arrow.
The arrow barely misses you.
You see here an arrow.
The centaur shoots an arrow.
The arrow closely misses you.
The centaur shoots an arrow.
The arrow hits you!
* * * LOW HITPOINT WARNING * * *
You see here an arrow.
The centaur shoots an arrow.
The arrow misses you.
You see here an arrow.
The centaur shoots an arrow.
The arrow hits you!
You die...

....#........#
....#.########
#.......#
##################
#.......#
#.......().cY(.c.#
........#
#.####...(.#####.####
##......# #.##.......#
#......# #.......#
#..........# #Y#.##.##
#...##### #.##.#(...##
#c#.....# #...#
#....@..### #.####..#
#...# #.#........#
#...c..># #...#
##.#....###.#
#######.#
#...#######........#
.. #......
...........#.......#
.. #..##.#
.....................
. #..##(#
>.........##.#...###..
#......
#...########.#...# ..
#..###. #...# ....###
#..# #.


You could see an ice beast (wandering) and a centaur.

Vanquished Creatures
  A sky beast (D:5)
  A crimson imp (D:5)
  A bullfrog zombie (D:5)
  A bullfrog skeleton (D:4)
  Ijyb (D:2)
  A worker ant (D:3)
  Robin (D:3)
  2 adders
  8 gnolls
  2 worms (D:3)
  2 dart slugs (D:1)
  2 leopard geckos
  4 bats
  A giant cockroach (D:3)
  14 goblins
  13 hobgoblins
  3 jackals (D:3)
  5 kobolds
  A quokka (D:2)
  A frilled lizard (D:3)
  5 rats
70 creatures vanquished.

Notes
Turn   | Place    | Note
-------+----------+-------------------------------------------
     0 | D:1      | Almogavar the Halfling Hunter began the quest for the Orb.
     0 | D:1      | Reached XP level 1. HP: 14/14 MP: 1/1
    27 | D:1      | Reached skill level 6 in Slings
   126 | D:1      | Reached XP level 2. HP: 19/19 MP: 2/2
   659 | D:1      | Reached XP level 3. HP: 24/24 MP: 3/3
   946 | D:2      | Reached skill level 1 in Short Blades
  1066 | D:2      | Reached skill level 7 in Slings
  1207 | D:2      | Reached XP level 4. HP: 23/29 MP: 4/4
  1496 | D:2      | Reached skill level 1 in Armour
  1685 | D:3      | Noticed Robin
  1721 | D:3      | Noticed Ijyb
  1725 | D:3      | Paralysed by Ijyb for 5 turns
  2006 | D:3      | Killed Robin
  2006 | D:3      | Reached XP level 5. HP: 19/34 MP: 5/5
  2312 | D:3      | Paralysed by Ijyb for 5 turns
  2330 | D:3      | Paralysed by Ijyb for 7 turns
  2366 | D:2      | Killed Ijyb
  3390 | D:3      | Reached skill level 8 in Slings
  3390 | D:3      | Reached XP level 6. HP: 40/40 MP: 6/6
  3478 | D:3      | Found a radiant altar of Vehumet.
  3584 | D:4      | Noticed Blork the orc
  3947 | D:4      | You fall into a shaft and drop 1 floor!
  3947 | D:5      | Entered Level 5 of the Dungeon
  4030 | D:5      | Found an ornate altar of the Wu Jian Council.
  4185 | D:5      | Noticed a sky beast
  4194 | D:5      | Killed a sky beast
  4194 | D:5      | Reached XP level 7. HP: 45/45 MP: 7/7
  4315 | D:5      | HP: 2/45 [centaur/arrow (17)]
  4319 | D:5      | Shot with an arrow by a centaur

Illustrated notes

Levels and vault maps discovered:
D:1:      grunt_arrival_crossed_arrows, layout_loops_ring
D:2:      layout_rooms
D:3:      layout_loops_ring, nicolae_overflow_hidden_temple, first_ration,
          uniq_robin, uniq_ijyb
D:4:      layout_cave_pools, uniq_sigmund, uniq_blork_the_orc
D:5:      layout_loops_cross, marbit_many_paths,
          chequers_temple_overflow_statue_of_worship, temple_hall

Skill      XL: |  1  2  3  4  5  6 |
---------------+-------------------+-----
Slings         | 6 7 8 |  8.9
Short Blades   | 1 2 3 |  3.4
Fighting       | 2 |  2.7
Armour         | 1 2 |  2.4
Dodging        | |  2.8
Stealth        | |  1.4

Action                   |  1- 3 |  4- 6 |  7- 9 || total
-------------------------+-------+-------+-------++-------
Melee: Short sword       |     2 |    69 |    17 ||    88
 Fire: Hunting sling     |    85 |   170 |    19 ||   274
  Use: Scroll            |     5 |     3 |       ||     8
  Eat: Chunk             |     1 |     8 |       ||     9
Armor: Leather armour    |     4 |    28 |     9 ||    41
Dodge: Dodged            |    10 |    64 |    23 ||    97
